[Event "Early-Titled-Tuesday-Blitz-February-06-2024"]
[Site "Chess.com"]
[Date "2024.02.06"]
[Round "7"]
[White "Kostukov_Alex"]
[Black "Aash20"]
[Result "0-1"]
[WhiteElo "2295"]
[BlackElo "2459"]
[TimeControl "180+1"]
[EndTime "9:17:02 PST"]
[Termination "Aash20 won by resignation"]

1. g3 d5 2. Bg2 Nf6 3. d3 c5 4.
e4 Nc6 5. exd5 Nxd5 6. Nc3 Nxc3 7. bxc3 g6 8. Ne2 Bg7 9. O-O O-O 10. Rb1 Qc7 11. c4 b6 12. Bf4 e5 13. Bd2 Bb7 14. Nc3 Nd4 15. Nd5 Bxd5 16. Bxd5 Rad8 17. Bg2 f5 18.
Be3 f4 19. Bxd4 exd4 20. Bd5+ Kh8 21. Qg4 Rde8 22. Rbe1 Qd6 23. Kg2 Qf6 24. Qxf4 Qxf4 25. gxf4 Rxe1 26. Rxe1 Rxf4 27. Re7 Bf6 28. Rxa7 Bh4 29. f3 Rf6 30. a4 Be1 31. Kh3 Bd2 32. Kg4 Rf4+ 33. Kg3 Rf6 34. h4 h5 35. Be4 Bc3 36.
Rb7 Bd2 37. Bd5 Bc3 38. Rc7 Bd2 39. Bc6 Bf4+ 40. Kg2 Bxc7 0-1

[Event "Early-Titled-Tuesday-Blitz-February-06-2024"]
[Site "Chess.com"]
[Date "2024.02.06"]
[Round "7"]
[White "jacky72"]
[Black "FM_VS99"]
[Result "1-0"]
[WhiteElo "2816"]
[BlackElo "2619"]
[TimeControl "180+1"]
[EndTime "9:17:03 PST"]
[Termination "jacky72 won by checkmate"]

1. Nc3 c5 2. Nf3 g6 3. h4 h5 4. d4 Bg7 5. d5 d6 6. e4 Bg4 7.
Be2 Nd7 8. Ng5 Ngf6 9. f3 Ne5 10. fxg4 Nfxg4 11. Bf4 Qb6 12. Bb5+ Kf8 13. a4 Qa5 14.
O-O Bf6 15. Be2 Qb4 16. Qd2 Kg7 17. Nb5 a6 18. Qxb4 cxb4 19. Nd4 Rhc8 20. Bxe5 dxe5 21. Bxg4 hxg4 22. Nb3 Rxc2 23. Rf2 Rc4 24. d6 Bxg5 25. hxg5 exd6 26. Rd1 Rd8 27. Rfd2 Rxe4 28. Nc5 Rf4 29. Nxb7 Rb8 30. Nxd6 b3 31. Re2 Rxa4 32. Rxe5 Ra2 33. Nc4 Rb4 34. Nd6 Rxb2 35. Rf1 Rd4 36. Rxf7+ Kg8 37.
Re8# 1-0

[Event "Early-Titled-Tuesday-Blitz-February-06-2024"]
[Site "Chess.com"]
[Date "2024.02.06"]
[Round "7"]
[White "Felix-Rose"]
[Black "hmatyi07"]
[Result "0-1"]
[WhiteElo "2379"]
[BlackElo "2214"]
[TimeControl "180+1"]
[EndTime "9:17:05 PST"]
[Termination "hmatyi07 won on time"]

1. e4 c5 2. Nf3 e6 3. d4 cxd4 4. Nxd4 Nf6 5. Nc3 Nc6 6. Ndb5 Bc5 7. Bf4 O-O 8. Bd6 Qb6 9. Bxc5 Qxc5 10. Qd6 Qb6 11.
Qd2 a6 12. Nd6 Qxb2 13. Rb1 Qa3 14. Be2 b5 15. O-O Qc5 16. Rfd1 e5 17. Nxc8 Raxc8 18.
Nd5 Nxd5 19. Qxd5 Nd4 20. Bd3 Qxd5 21. exd5 Rc5 22. a4 f5 23. axb5 axb5 24. f3 g6 25. h4 Kg7 26. Rb2 Rfc8 27. Kh2 Rxd5 28. c3 Rxc3 29.
f4 e4 30. Bf1 Nf3+ 0-1

[Event "Early-Titled-Tuesday-Blitz-February-06-2024"]
[Site "Chess.com"]
[Date "2024.02.06"]
[Round "7"]
[White "Chessdude1987"]
[Black "ferdipy"]
[Result "1-0"]
[WhiteElo "2288"]
[BlackElo "2391"]
[TimeControl "180+1"]
[EndTime "9:17:06 PST"]
[Termination "Chessdude1987 won by resignation"]

1. e4 e6 2. d3 d5 3. Nd2 Nf6 4. c3 dxe4 5. dxe4 e5 6. Be2 a5 7. h3 Bc5 8. Qc2 O-O 9. Ngf3 Nc6 10. g4 h6 11. Rg1 Nh7 12. h4 Be6 13. Nc4 Re8 14. Bd2 Rb8 15. Ne3 Bf8 16. Nf5 Bxf5 17. gxf5 Kh8 18. Bc4 Qf6 19. O-O-O b5 20. Bd5 Ne7 21. Bg5 hxg5 22. hxg5 Qb6 23. Bxf7 Red8 24. Rxd8 Rxd8 25. g6 Qf6 26. Rh1 Nxg6 27. fxg6 Qf4+ 28. Kb1 Qh6 29. Rxh6 gxh6 30. gxh7 Kg7 31. Bg8 Bc5 32. Nxe5 a4 1-0

[Event "Early-Titled-Tuesday-Blitz-February-06-2024"]
[Site "Chess.com"]
[Date "2024.02.06"]
[Round "7"]
[White "FoxOnTheRun97"]
[Black "AttilaTurzo"]
[Result "1-0"]
[WhiteElo "2639"]
[BlackElo "2454"]
[TimeControl "180+1"]
[EndTime "9:17:07 PST"]
[Termination "FoxOnTheRun97 won by checkmate"]

1. d4 Nf6 2. Bg5 e6 3. e4 h6 4. Bxf6 Qxf6 5. c3 d6 6. Bd3 b6 7.
Ne2 Nd7 8. O-O Bb7 9. Nd2 g6 10. a4 a6 11. a5 b5 12. Qb3 c5 13. c4 b4 14. Nf3 Bg7 15. Qa4 Qe7 16. e5 dxe5 17.
dxc5 Qxc5 18. Ng3 f5 19. Rad1 Bc6 20. Qc2 e4 21. Nxe4 fxe4 22. Bxe4 Bxe4 23. Qxe4 Kf7 24. Rxd7+ Kf6 25. Nd4 Qe5 26. Qxe5+ Kxe5 27. Re1+ Kf6 28. Rxe6+ Kg5 29. Rxg7 Rhd8 30. Rgxg6+ Kf4 31. g3# 1-0

[Event "Early-Titled-Tuesday-Blitz-February-06-2024"]
[Site "Chess.com"]
[Date "2024.02.06"]
[Round "7"]
[White "jlandaw"]
[Black "NikitaShnadrygin"]
[Result "0-1"]
[WhiteElo "2346"]
[BlackElo "2667"]
[TimeControl "180+1"]
[EndTime "9:17:07 PST"]
[Termination "NikitaShnadrygin won by resignation"]

1. e4 c5 2. Nc3 e6 3. g3 Nc6 4. Bg2 Nf6 5. Nge2 d5 6. exd5 exd5 7. d4 cxd4 8. Nxd4 Bc5 9. Nb3 Qe7+ 10. Kf1 Bb6 11.
Bg5 Be6 12. Bxd5 Rd8 13. Bxc6+ bxc6 14. Qf3 O-O 15. h4 Rfe8 16. Kg1 h6 17. Bxf6 gxf6 18.
Re1 Kh8 19. Qf4 Kg7 20. Kh2 Bc7 21. Qf3 f5 22. Qxc6 f4 23. Nc5 fxg3+ 24. Kg2 Qf6 25.
fxg3 Bh3+ 0-1

[Event "Early-Titled-Tuesday-Blitz-February-06-2024"]
[Site "Chess.com"]
[Date "2024.02.06"]
[Round "7"]
[White "salomez"]
[Black "N4700000"]
[Result "0-1"]
[WhiteElo "2293"]
[BlackElo "2427"]
[TimeControl "180+1"]
[EndTime "9:17:07 PST"]
[Termination "N4700000 won on time"]

1. d4 d6 2. e4 Nf6 3. Nc3 e5 4. dxe5 dxe5 5. Qxd8+ Kxd8 6. Bc4 Be6 7. Bxe6 fxe6 8.
Nf3 Bd6 9. Nd2 Ke7 10. Nb3 Nbd7 11. Be3 a6 12. a4 b6 13. Ke2 h6 14. f3 Nh5 15. Rad1 Nf4+ 16. Kf2 Rhf8 17. g3 Nh5 18. Kg2 Nhf6 19. a5 b5 20. Ne2 c5 21. c4 Rfb8 22. Bc1 Bc7 23. cxb5 axb5 24. Be3 Bd6 25. Nc3 c4 26.
Nd2 Rxa5 27. Ra1 Rba8 28. Rxa5 Rxa5 29. Rd1 Bc5 0-1

[Event "Early-Titled-Tuesday-Blitz-February-06-2024"]
[Site "Chess.com"]
[Date "2024.02.06"]
[Round "7"]
[White "Jospem"]
[Black "Anton_Demchenko"]
[Result "1-0"]
[WhiteElo "3061"]
[BlackElo "2888"]
[TimeControl "180+1"]
[EndTime "9:17:08 PST"]
[Termination "Jospem won by resignation"]

1. e4 e5 2. Nf3 Nc6 3. Nc3 Nf6 4. h3 Bb4 5. a3 Bxc3 6. dxc3 d6 7. Bd3 h6 8. Qe2 Ne7 9. Be3 Ng6 10. O-O-O Qe7 11.
Nd2 b6 12. g3 Bb7 13. Bb5+ Nd7 14. f3 O-O-O 15. a4 c6 16. Bd3 Nc5 17. a5 b5 18. Bxc5 dxc5 19. Qe3 c4 20. Qxa7 cxd3 21. a6 Bxa6 22. Qxa6+ Qb7 23. Qa3 Qe7 24. Qa8+ Kc7 25. Qa5+ Kb7 26. cxd3 Ra8 27. Qb4 Qxb4 28. cxb4 Ra4 29.
Kc2 Rxb4 30. Ra1 Ra8 31. Rxa8 Kxa8 32. Ra1+ Kb7 33. Kc3 Rd4 34. Nb3 Rd8 35. Nc5+ Kb6 36. b4 Nf8 37. Ra6+ Kc7 38. Ra7+ Kb8 39. Rxf7 g5 40.
Rxf8 1-0

[Event "Early-Titled-Tuesday-Blitz-February-06-2024"]
[Site "Chess.com"]
[Date "2024.02.06"]
[Round "7"]
[White "gmcorrales"]
[Black "xberli"]
[Result "1-0"]
[WhiteElo "2868"]
[BlackElo "2568"]
[TimeControl "180+1"]
[EndTime "9:17:09 PST"]
[Termination "gmcorrales won by resignation"]

1. Nf3 d5 2. b3 Nf6 3. Bb2 e6 4. c4 Be7 5. cxd5 exd5 6. g3 O-O 7. Bg2 Re8 8. O-O c6 9. d3 Nbd7 10. Nbd2 Nf8 11. e4 dxe4 12. dxe4 Ng6 13. h3 Bc5 14.
Qc2 Bb6 15. Rad1 Qe7 16. Rfe1 Be6 17. Nd4 Rad8 18. Nxe6 Qxe6 19. Nc4 Bc7 20. f4 Qc8 21. Bxf6 gxf6 22. Ne3 Bb6 23. Kh2 Bxe3 24. Rxe3 Rxd1 25. Qxd1 f5 26. e5 Rd8 27. Qc2 h5 28. h4 Rd4 29.
Qe2 Qd7 30. Qxh5 Rd2 31. Re2 Rxe2 32. Qxe2 Nf8 33. Qh5 Qd3 34. Qg5+ Kh8 35. Qf6+ Kg8 36. h5 Ne6 37. h6 Qc2 38. Kh3 a5 39. Qe7 Qd1 40.
Qe8+ Kh7 41. Qxf7+ Kh8 42. Qf6+ Kh7 43. Qxf5+ Kh8 44. Qf6+ Kh7 45. Be4+ 1-0

[Event "Early-Titled-Tuesday-Blitz-February-06-2024"]
[Site "Chess.com"]
[Date "2024.02.06"]
[Round "7"]
[White "Mistango"]
[Black "NFChess13"]
[Result "1-0"]
[WhiteElo "2486"]
[BlackElo "2645"]
[TimeControl "180+1"]
[EndTime "9:17:09 PST"]
[Termination "Mistango won by resignation"]

1. e4 e5 2. Nf3 Nf6 3. Nc3 Nc6 4. d4 exd4 5. Nxd4 d6 6. Nxc6 bxc6 7. Bd3 Be7 8. O-O O-O 9. f4 Nd7 10. Qh5 g6 11. Qh6 Bf6 12. Bd2 Rb8 13. Rab1 Nc5 14.
f5 Nxd3 15. cxd3 Bg7 16. Qf4 Be5 17. Qh6 Qf6 18. Bg5 Qg7 19. Qh4 Re8 20. f6 Qh8 21. Bh6 Bd4+ 22. Kh1 Bxc3 23. Bg7 Bd4 24. Bxh8 Kxh8 25.
Qg5 Rb5 26. Qg3 Rh5 27. b3 Be5 28. Rf4 Re6 29. Qf3 Bxf4 30. Qxf4 Rb5 31. Rf1 g5 32. Qf3 Rc5 33. h3 Kg8 34. Qh5 Kf8 35. Qxh7 Ke8 36.
Qg8+ 1-0

[Event "Early-Titled-Tuesday-Blitz-February-06-2024"]
[Site "Chess.com"]
[Date "2024.02.06"]
[Round "7"]
[White "Bekkedahl"]
[Black "boguszp"]
[Result "1/2-1/2"]
[WhiteElo "2225"]
[BlackElo "2085"]
[TimeControl "180+1"]
[EndTime "9:17:09 PST"]
[Termination "Game drawn by repetition"]

1. e4 c6 2. d4 d5 3. exd5 cxd5 4.
Bd3 Nc6 5. c3 g6 6. Bf4 Nf6 7.
Nd2 Bg7 8. Ngf3 O-O 9. h3 Bd7 10.
O-O Qc8 11. Qe2 Re8 12. Ne5 Bf5 13. Bxf5 Qxf5 14. Bh2 Ne4 15. Ndf3 Nxe5 16. Nxe5 Nd6 17. b3 Rac8 18. Rac1 Rc7 19. c4 Rec8 20. c5 b6 21. b4 a5 22. a3 axb4 23. axb4 bxc5 24. bxc5 f6 25. Nd3 e5 26. cxd6 Rxc1 27. Rxc1 Rxc1+ 28. Nxc1 Qe6 29. dxe5 fxe5 30. Bxe5 Qxe5 31. d7 Qg5 32.
Qe8+ Bf8 33. d8=Q Qxc1+ 34. Kh2 Qf4+ 35. Kg1 Qc1+ 36. Kh2 Qf4+ 37. Kh1 Qc1+ 38. Kh2 1/2-1/2

[Event "Early-Titled-Tuesday-Blitz-February-06-2024"]
[Site "Chess.com"]
[Date "2024.02.06"]
[Round "7"]
[White "bazar-wokzal"]
[Black "baki83"]
[Result "0-1"]
[WhiteElo "2613"]
[BlackElo "2806"]
[TimeControl "180+1"]
[EndTime "9:17:10 PST"]
[Termination "baki83 won by resignation"]

1. e4 c5 2. c3 e5 3. Nf3 Nc6 4. Bc4 Nf6 5. Ng5 d5 6. exd5 Nxd5 7. Nxf7 Kxf7 8. Qf3+ Ke6 9. d4 cxd4 10. a4 Be7 11. O-O Rf8 12. Qe4 Kd6 13. Qxd5+ Kc7 14.
f4 Qxd5 15. Bxd5 d3 16. Na3 Bc5+ 17. Kh1 Bxa3 18. Rxa3 Bg4 19. Bf3 Bxf3 20. gxf3 Rad8 21. Rd1 exf4 22. b4 g5 23. h4 h6 24. Kg2 Rfe8 25. hxg5 hxg5 26. b5 Re2+ 27. Kh3 Ne5 0-1

[Event "Early-Titled-Tuesday-Blitz-February-06-2024"]
[Site "Chess.com"]
[Date "2024.02.06"]
[Round "7"]
[White "tandaleo"]
[Black "ulises2013"]
[Result "0-1"]
[WhiteElo "2546"]
[BlackElo "2739"]
[TimeControl "180+1"]
[EndTime "9:17:11 PST"]
[Termination "ulises2013 won on time"]

1. d4 g6 2. e4 Bg7 3. Nf3 c5 4. dxc5 Qa5+ 5. c3 Qxc5 6. Be3 Qa5 7. Bd3 Nc6 8. O-O Nf6 9. Bc2 O-O 10. Nbd2 Qc7 11. Qe2 d5 12. h3 Rd8 13. Rfd1 dxe4 14. Nxe4 Nd5 15. Bc5 b6 16. Ba3 Bf5 17. Bb3 Nf4 18.
Qe1 Na5 19. Neg5 Nxb3 20. axb3 h6 21. Ne4 Qb7 22. Ng3 Bxh3 23. Qxe7 Qxe7 24. Bxe7 Rxd1+ 25.
Rxd1 Bxg2 26. Nd4 Bb7 27. Nb5 Nh3+ 28. Kf1 Ba6 29. c4 Bxb5 30. cxb5 Bxb2 31. Rd7 Nf4 32. Ne4 Kg7 33. Bb4 g5 34. Nd6 Kg6 35. Nxf7 Rc8 36. f3 Rc1+ 37. Kf2 Rc2+ 38. Kf1 Bc3 39. Bxc3 Rxc3 40.
Ne5+ Kf5 41. Re7 Re3 0-1

[Event "Early-Titled-Tuesday-Blitz-February-06-2024"]
[Site "Chess.com"]
[Date "2024.02.06"]
[Round "7"]
[White "FormerProdigy"]
[Black "ozates"]
[Result "1/2-1/2"]
[WhiteElo "2998"]
[BlackElo "2632"]
[TimeControl "180+1"]
[EndTime "9:17:11 PST"]
[Termination "Game drawn by repetition"]

1. b3 c5 2. Bb2 Nc6 3. c4 d6 4.
g3 e5 5. Nc3 g6 6. Bg2 Bg7 7.
d3 Nge7 8. e3 O-O 9. Nge2 Be6 10. Nd5 Qd7 11. h4 h6 12. O-O Bh3 13. Nec3 Bxg2 14.
Kxg2 Nxd5 15. Nxd5 Ne7 16. Qf3 Nxd5 17. Qxd5 Kh7 18.
f4 Rae8 19. Rae1 exf4 20. Bxg7 Kxg7 21. exf4 Rxe1 22. Rxe1 Re8 23. Re4 Rxe4 24. dxe4 Qg4 25. Qd3 Qe6 26. Qc3+ f6 27. Qd3 Kf7 28. Kf3 h5 29. f5 gxf5 30. exf5 Qe5 31. Qe4 Kg8 32. Qxe5 dxe5 33. a3 a5 34. g4 hxg4+ 35. Kxg4 Kg7 36. Kf3 Kh6 37. Kg4 Kg7 38. Kf3 Kh6 39. Kg4 Kg7 1/2-1/2

[Event "Early-Titled-Tuesday-Blitz-February-06-2024"]
[Site "Chess.com"]
[Date "2024.02.06"]
[Round "7"]
[White "ChainedDowntohell"]
[Black "KanalSzachowy"]
[Result "0-1"]
[WhiteElo "2546"]
[BlackElo "2386"]
[TimeControl "180+1"]
[EndTime "9:17:11 PST"]
[Termination "KanalSzachowy won by checkmate"]

1. d4 Nf6 2. c4 e6 3. Nc3 Bb4 4. e3 O-O 5. Bd3 d5 6. Nf3 Ne4 7.
O-O Bxc3 8. bxc3 f5 9. Ba3 Rf6 10. Ne5 Rh6 11. g3 Nd7 12. f3 Ng5 13. Rb1 Nxe5 14. dxe5 b6 15. cxd5 Qxd5 16. h4 Qxe5 17. Qe1 Nf7 18. e4 f4 19. gxf4 Qxf4 20. Bc1 Rg6+ 21.
Kh1 Qe5 22. Rg1 Bb7 23. Rxg6 hxg6 24. Qf2 Rf8 25. Bb2 Qh5 26. Qg3 Ne5 27. Be2 Nxf3 28. Rf1 Bxe4 29. Bxf3 Rxf3 30. Rxf3 Bxf3+ 31. Kh2 Bd5 32. Bc1 Qe2+ 33. Kh3 Qf1+ 34. Kh2 Qh1# 0-1

[Event "Early-Titled-Tuesday-Blitz-February-06-2024"]
[Site "Chess.com"]
[Date "2024.02.06"]
[Round "7"]
[White "VitaliyChayka"]
[Black "Natalya_Buksa"]
[Result "0-1"]
[WhiteElo "2415"]
[BlackElo "2579"]
[TimeControl "180+1"]
[EndTime "9:17:12 PST"]
[Termination "Natalya_Buksa won by resignation"]

1. d4 d5 2. Bf4 e6 3. e3 Nf6 4. Nf3 Bd6 5. Bg3 Nbd7 6. Nbd2 Bxg3 7. hxg3 c5 8. c3 Qc7 9. Bd3 O-O 10. g4 g6 11. g5 Ne8 12. Qe2 e5 13. dxe5 Nxe5 14. Nxe5 Qxe5 15. Nf3 Qe7 16. O-O-O Ng7 17. Rh4 Bf5 18.
Rdh1 Bxd3 19. Qxd3 h5 20. gxh6 Nf5 21. h7+ Kh8 22. Rf4 Rad8 23. g4 Ng7 24. Kb1 Ne6 25.
Ra4 a6 26. Qc2 Rd6 27. g5 b5 28. Rg4 Ng7 29. e4 d4 30. cxd4 cxd4 31. Rd1 Ne6 32. e5 Rd5 33. Qe4 Rfd8 34. Rgg1 d3 35. Ne1 Nxg5 36. Qe3 Rxe5 37. Qb6 d2 38. Nc2 Nf3 39. Rg3 Re1 40. Nxe1 dxe1=Q 0-1

[Event "Early-Titled-Tuesday-Blitz-February-06-2024"]
[Site "Chess.com"]
[Date "2024.02.06"]
[Round "7"]
[White "ama18"]
[Black "Akylbek2021"]
[Result "1-0"]
[WhiteElo "2541"]
[BlackElo "2303"]
[TimeControl "180+1"]
[EndTime "9:17:13 PST"]
[Termination "ama18 won on time"]

1. Nf3 Nf6 2. g3 g6 3. b3 Bg7 4. d4 d5 5. Bb2 O-O 6. Bg2 Ne4 7.
O-O c5 8. c3 Nc6 9. dxc5 Nxc5 10.
Nd4 e5 11. Nf3 Bf5 12. Na3 Rc8 13. Rc1 Re8 14. Re1 h5 15. Nc2 Be4 16. Bh3 Rb8 17. Nd2 f5 18. Nxe4 dxe4 19. Ne3 a5 20. Qd5+ Qxd5 21.
Nxd5 b5 22. Red1 Kf7 23. b4 Na4 24. Ba1 Red8 25. Nc7 Bf8 26. Rxd8 Nxd8 27. bxa5 Ne6 28. Nxe6 Kxe6 29. c4 Rc8 30. e3 Rxc4 31. Rb1 b4 32. Bf1 Rc2 33. a6 Rxa2 34. Bc4+ Kd6 35. Bxa2 Kc5 36. Rc1+ Kb5 37. a7 Nb6 38. Rc8 1-0

[Event "Early-Titled-Tuesday-Blitz-February-06-2024"]
[Site "Chess.com"]
[Date "2024.02.06"]
[Round "7"]
[White "BogdanDeac"]
[Black "Janosik"]
[Result "1-0"]
[WhiteElo "3024"]
[BlackElo "2856"]
[TimeControl "180+1"]
[EndTime "9:17:14 PST"]
[Termination "BogdanDeac won by resignation"]

1. d4 Nf6 2. c4 e6 3. Nc3 d5 4. Nf3 dxc4 5. e4 Bb4 6. Bg5 h6 7. Bxf6 Qxf6 8. Bxc4 c5 9. O-O cxd4 10. e5 Qd8 11. Ne4 O-O 12. Qe2 Bd7 13. Rfd1 Bc6 14. Nxd4 Qc7 15. Nf6+ Kh8 16. Qd3 g6 17. Qe3 Kg7 18.
Bxe6 Qe7 19. Nf5+ gxf5 20. Qg3+ Kh8 21. Qf4 Kg7 22. Nh5+ Kh7 23. Bxf5+ Kg8 24. Qxh6 f6 25. Be6+ 1-0

[Event "Early-Titled-Tuesday-Blitz-February-06-2024"]
[Site "Chess.com"]
[Date "2024.02.06"]
[Round "7"]
[White "MokshAD1603"]
[Black "KuzubovYuriy"]
[Result "0-1"]
[WhiteElo "2612"]
[BlackElo "2911"]
[TimeControl "180+1"]
[EndTime "9:17:15 PST"]
[Termination "KuzubovYuriy won by resignation"]

1. d4 g6 2. e4 Bg7 3. Nf3 d6 4.
Bc4 c6 5. O-O d5 6. Bd3 dxe4 7.
Bxe4 Nf6 8. Bd3 O-O 9. h3 Nbd7 10. Re1 c5 11. Nc3 a6 12. Be3 Qc7 13. dxc5 Nxc5 14. Bc4 b6 15. Qc1 Bb7 16. Bf4 Qc8 17. Rxe7 Bxf3 18.
gxf3 Qxh3 19. Qe3 Nh5 20. Bh2 Bf6 21. Nd5 Bxe7 22. Qxe7 Rae8 23. Be5 Qxf3 24. Re1 Qg4+ 25. Kh2 Qxc4 26. Qf6 Nxf6 27. Nxf6+ Kh8 28. Nxe8+ f6 29. Bxf6+ Rxf6 30. Nxf6 Qh4+ 0-1

[Event "Early-Titled-Tuesday-Blitz-February-06-2024"]
[Site "Chess.com"]
[Date "2024.02.06"]
[Round "7"]
[White "alvarorodriguezavila"]
[Black "Qingdom"]
[Result "1-0"]
[WhiteElo "2374"]
[BlackElo "2119"]
[TimeControl "180+1"]
[EndTime "9:17:15 PST"]
[Termination "alvarorodriguezavila won by checkmate"]

1. e4 c5 2. a4 Nc6 3. Na3 Nf6 4. Nc4 Nxe4 5. d3 Nf6 6. Nf3 g6 7. Be2 Bg7 8. O-O O-O 9. Re1 d6 10. h3 Rb8 11. Bf1 e5 12. Bd2 Be6 13. a5 Qc7 14.
Bc3 b5 15. axb6 axb6 16. Ng5 Bd7 17. Qf3 b5 18. Ne3 b4 19. Bd2 Nd4 20. Qd1 Ra8 21.
Rxa8 Rxa8 22. c3 bxc3 23. bxc3 Nf5 24. Nc4 Bc6 25. Ne4 d5 26. Nxf6+ Bxf6 27. Ne3 Nxe3 28. Bxe3 d4 29. Bd2 Ra3 30. Qc1 Qa7 31. cxd4 exd4 32.
Bh6 Bg7 33. Bg5 f6 34. Bf4 Bd5 35. Bd6 Bf8 36. Qf4 Qf7 37. Rb1 Ra6 38. Rb8 Rxd6 39. Qxd6 c4 40. dxc4 Bxc4 41. Bxc4 Qxc4 42. Qxf8# 1-0

[Event "Early-Titled-Tuesday-Blitz-February-06-2024"]
[Site "Chess.com"]
[Date "2024.02.06"]
[Round "7"]
[White "ljuks68"]
[Black "Ducke13"]
[Result "1-0"]
[WhiteElo "2417"]
[BlackElo "2287"]
[TimeControl "180+1"]
[EndTime "9:17:16 PST"]
[Termination "ljuks68 won on time"]

1. e4 c5 2. Nf3 d6 3. d4 cxd4 4. Nxd4 Nf6 5. Nc3 a6 6. Bg5 Nbd7 7. f4 Qa5 8. Qd2 e6 9. O-O-O h6 10. Bxf6 Nxf6 11.
Be2 Bd7 12. Bf3 Rc8 13. Rhe1 Be7 14. Kb1 b5 15. e5 dxe5 16. fxe5 b4 17. Ne4 Nxe4 18.
Rxe4 Bg5 19. Qd3 Rc7 20. Nb3 Qb6 21. Rd4 Qa7 22. Rxd7 O-O 23. Rxc7 Qxc7 24. Qd6 Qc4 25. Qd4 Qb5 26. Qc5 Qb8 27. Rd4 Rc8 28. Qa5 1-0

[Event "Early-Titled-Tuesday-Blitz-February-06-2024"]
[Site "Chess.com"]
[Date "2024.02.06"]
[Round "7"]
[White "Aslanov_Umid"]
[Black "Talent-OF-Slovenia"]
[Result "1-0"]
[WhiteElo "2682"]
[BlackElo "2466"]
[TimeControl "180+1"]
[EndTime "9:17:18 PST"]
[Termination "Aslanov_Umid won by checkmate"]

1. e4 c5 2. Nf3 d6 3. d4 cxd4 4. Nxd4 Nf6 5. Nc3 Nc6 6. Bc4 e6 7. Be3 a6 8. Qe2 Bd7 9. Bb3 Rc8 10. O-O-O Na5 11. f3 Rxc3 12. bxc3 Qc7 13. Kb2 Be7 14. g4 O-O 15. g5 Nh5 16. f4 g6 17. f5 Rc8 18.
Bd2 e5 19. fxg6 hxg6 20. Nf5 Bf8 21. Nh6+ Bxh6 22. gxh6 Bb5 23. Qg4 Nc4+ 24. Bxc4 Bxc4 25. Rhg1 Kh7 26. Rb1 Be6 27. Qf3 Qb6+ 28. Ka1 Qa5 29. Rb2 Rc4 30. Rxb7 Nf4 31. Rxg6 Rxc3 32. Rxe6 Rxf3 33.
Rxf7+ Kg8 34. Rg7+ Kh8 35. Re8# 1-0

[Event "Early-Titled-Tuesday-Blitz-February-06-2024"]
[Site "Chess.com"]
[Date "2024.02.06"]
[Round "7"]
[White "JeFumeDesClopes"]
[Black "ccccvhhhj"]
[Result "1-0"]
[WhiteElo "2609"]
[BlackElo "2440"]
[TimeControl "180+1"]
[EndTime "9:17:21 PST"]
[Termination "JeFumeDesClopes won on time"]

1. Nf3 Nc6 2. d4 d5 3. Bf4 Bf5 4. e3 Nb4 5. Na3 e6 6. c3 Nc6 7.
Qa4 Bd6 8. Bb5 Ne7 9. Ne5 O-O 10.
O-O Nb8 11. Be2 c6 12. Qb3 Qc7 13. c4 b6 14. cxd5 exd5 15. Rac1 Qd8 16. Bg3 f6 17. Nd3 Bxg3 18. hxg3 Nd7 19. Nc2 Kh8 20. Ncb4 Rc8 21. Nf4 Nb8 22. a4 Qd7 23. Na6 Nxa6 24.
Bxa6 Rb8 25. Rc3 g5 26. Nd3 h5 27. Rfc1 h4 28. gxh4 gxh4 29. Qd1 Bg4 30. f3 Bf5 31.
Kf2 Rg8 32. Nf4 Ng6 33. Qh1 Nxf4 34. Qxh4+ Kg7 35. Qxf4 1-0

[Event "Early-Titled-Tuesday-Blitz-February-06-2024"]
[Site "Chess.com"]
[Date "2024.02.06"]
[Round "7"]
[White "VomDingJetztHer"]
[Black "BeautiFullMindChess"]
[Result "1-0"]
[WhiteElo "2485"]
[BlackElo "2286"]
[TimeControl "180+1"]
[EndTime "9:17:21 PST"]
[Termination "VomDingJetztHer won on time"]

1. e4 c5 2. Nc3 a6 3. d4 cxd4 4. Qxd4 Nc6 5. Qe3 g6 6. Bc4 Bg7 7.
Nge2 d6 8. O-O Nf6 9. f3 O-O 10. a4 Nb4 11. Qd2 e6 12. Bb3 d5 13. exd5 exd5 14.
Nd4 Nc6 15. Nce2 Re8 16. c3 Ne5 17. a5 Bd7 18. Nf4 Nc6 19. Rd1 Nxa5 20. Bxd5 Nxd5 21. Nxd5 Bxd4+ 22. Qxd4 Nb3 23. Nf6+ Kh8 24. Qxd7 Qxf6 25. Ra3 Rad8 26. Rxb3 Rxd7 27. Rxd7 Re1+ 28. Kf2 Rxc1 29. Rbxb7 Qh4+ 30. Ke2 Qe1+ 31. Kd3 Rd1+ 32. Kc4 Rxd7 33. Rxd7 Qe6+ 34. Rd5 Kg7 35. Kd4 Qf6+ 36. Ke3 Qe6+ 37.
Kd4 Qb6+ 38. Kd3 Qxb2 39. c4 Qxg2 40. c5 Qxf3+ 41. Kc4 Qe2+ 42. Kd4 Qd2+ 43. Ke5 Qc2 44. Kd6 Qb2 45. c6 Qb5 46. c7 Qb6+ 47. Kd7 Qb5+ 48. Rxb5 1-0

[Event "Early-Titled-Tuesday-Blitz-February-06-2024"]
[Site "Chess.com"]
[Date "2024.02.06"]
[Round "7"]
[White "RobertJFischer71"]
[Black "HansOnTwitch"]
[Result "0-1"]
[WhiteElo "2584"]
[BlackElo "3171"]
[TimeControl "180+1"]
[EndTime "9:17:22 PST"]
[Termination "HansOnTwitch won by resignation"]

1. e4 c5 2. Nf3 d6 3. d4 cxd4 4. Nxd4 Nf6 5. Nc3 a6 6. h3 b5 7. g4 Bb7 8. Bg2 e6 9. a3 Nbd7 10.
g5 Ng8 11. h4 Rc8 12. Qe2 Ne7 13. Bd2 g6 14. h5 Bg7 15. Nb3 Rg8 16. hxg6 hxg6 17.
Rh7 Qc7 18. f4 Nb6 19. Na5 Ba8 20. Bh3 Qc5 21. O-O-O Qc7 22. f5 gxf5 23. exf5 exf5 24. Bxf5 Rb8 25. g6 fxg6 26. Be6 Bxc3 27. Bxc3 Rf8 28. Rf1 Nd7 29. Bxd7+ Qxd7 30. Rxf8+ Kxf8 31. Rh8+ Ng8 32. Qf2+ Qf7 33. Qe2 Re8 34. Qd3 Bd5 35. b3 Qf5 36.
Qd4 Re7 37. Kb2 Ke8 38. Qb6 Kf7 39. Qc6 Bxc6 0-1

[Event "Early-Titled-Tuesday-Blitz-February-06-2024"]
[Site "Chess.com"]
[Date "2024.02.06"]
[Round "7"]
[White "Mikhail_Golubev"]
[Black "ilushka"]
[Result "1-0"]
[WhiteElo "2656"]
[BlackElo "2431"]
[TimeControl "180+1"]
[EndTime "9:17:24 PST"]
[Termination "Mikhail_Golubev won on time"]

1. e4 e6 2. d4 d5 3. Nc3 Nf6 4. Bg5 dxe4 5. Nxe4 Be7 6. Bxf6 gxf6 7. Qd3 f5 8. Nc3 c5 9. d5 O-O 10. O-O-O Bf6 11.
Qg3+ Kh8 12. dxe6 Qa5 13. e7 Re8 14. Nd5 Bg7 15. Nc7 Qxa2 16. Qxg7+ Kxg7 17. Nxe8+ Kg6 18. Rd6+ Be6 19. Nc7 Qa1+ 20. Kd2 Qa5+ 21. c3 Nc6 22. Nxa8 Nxe7 23. Nh3 Qa2 24. Nf4+ Kf6 25. Nxe6 Qxb2+ 26. Kd1 fxe6 27. Bc4 Qb1+ 28. Kd2 Qxh1 29. Rxe6+ Kg5 30. Rxe7 Qxh2 31. Re3 f4 32. Re5+ Kf6 33. Re6+ Kg7 34.
Re7+ Kf6 35. Rf7+ Kg6 36. Nc7 Qxg2 37. Rxf4 Qg5 38. Ne6 Qe5 39. Bd3+ Kh5 40. Rf5+ Qxf5 41. Bxf5 Kh4 42. Bxh7 1-0

[Event "Early-Titled-Tuesday-Blitz-February-06-2024"]
[Site "Chess.com"]
[Date "2024.02.06"]
[Round "7"]
[White "Shivagami"]
[Black "Quattroporte300"]
[Result "1-0"]
[WhiteElo "2252"]
[BlackElo "2374"]
[TimeControl "180+1"]
[EndTime "9:17:25 PST"]
[Termination "Shivagami won by checkmate"]

1. Nf3 c5 2. e4 d6 3. d4 cxd4 4. Nxd4 Nf6 5. Nc3 a6 6. Be3 e6 7.
Be2 Be7 8. O-O O-O 9. f4 Qc7 10. Kh1 b5 11. Bf3 Bb7 12. g4 b4 13. g5 bxc3 14.
gxf6 Bxf6 15. bxc3 Qxc3 16. e5 Qxe3 17. Bxb7 Ra7 18.
Rf3 dxe5 19. Rxe3 exd4 20. Rb3 Nd7 21. Rab1 Nc5 22. Rb4 a5 23. Rb5 Na4 24. Qd3 Nc3 25.
Be4 g6 26. Rb7 Raa8 27. R1b6 Rac8 28. a3 Kg7 29. Rc6 Rcd8 30. Kg2 a4 31. Rxe6 Rb8 32. Reb6 Rbc8 33. Rxf6 Kxf6 34. Qxd4+ Ke6 35. Qe5# 1-0